 Dungeon Crawl Stone Soup version 0.30.0-17-ge0270778cf (webtiles) character file.

Game seed: 15754233850881538700

1849 NateTC the Fighter (level 8, -3/77 HPs)
             Began as a Minotaur Fighter on May 21, 2023.
             Was a Plaything of Xom.
             Slain by a hornet (6 damage)
             ... on level 6 of the Dungeon.
             The game lasted 00:04:25 (4436 turns).

NateTC the Fighter (Minotaur Fighter)               Turns: 4436, Time: 00:04:25

Health: -3/77      AC: 11    Str: 27    XL:     8   Next: 88%
Magic:  7/7        EV:  9    Int:  4    God:    Xom [.*....]
Gold:   216        SH:  7    Dex:  9    Spells: 7/7 levels left

rFire   . . .        a - +0 war axe (flame)
rCold   + . .        c - +2 buckler
rNeg    . . .        b - +0 scale mail
rPois   .            (helmet restricted)
rElec   .            n - +1 cloak
rCorr   .            (no gloves)
SInv    +            (no boots)
Will    .....        (no amulet) Stlth
                     r - ring of protection from cold
HPRegen 0.32/turn    y - ring of see invisible
MPRegen 0.10/turn

%: clarity
@: lethally poisoned (-3 -> -11)
A: horns 2, retaliatory headbutt, iridescent scales 1, clarity, strong 1, wild
magic 1
a: Renounce Religion


You were on level 6 of the Dungeon.
You worshipped Xom.
You were a plaything of Xom.
You visited 1 branch of the dungeon, and saw 6 of its levels.

You collected 216 gold pieces.

Inventory:

Hand Weapons
 a - a +0 war axe of flaming (weapon)
Missiles
 x - 2 throwing nets (quivered)
Armour
 b - a +0 scale mail (worn)
 c - a +2 buckler (worn)
 e - a +0 cloak
 n - a +1 cloak (worn)
Jewellery
 r - a ring of protection from cold (left hand)
 y - a ring of see invisible (right hand)
 B - a ring of resist corrosion
Wands
 q - a wand of polymorph (6)
 t - a wand of iceblast (4)
Scrolls
 d - 2 scrolls of magic mapping
 f - 2 scrolls of poison
 k - a scroll of fear
 s - a scroll of butterflies
 u - a scroll of teleportation
 v - 2 scrolls of noise
Potions
 g - a potion of mutation
 h - a potion of heal wounds
 i - 2 potions of lignification
 j - 4 potions of curing
 l - a potion of invisibility {unknown}
 m - 2 potions of flight
 o - a potion of attraction {unknown}
 p - a potion of haste {unknown}
 w - a potion of berserk rage {unknown}
 C - a potion of might
 D - 2 potions of brilliance {unknown}


   Skills:
 - Level 8.9 Fighting
 - Level 8.1 Axes
 - Level 3.6 Armour
 * Level 8.9 Shields


You had 7 spell levels left.
You didn't know any spells.
Your spell library contained the following spells:

 Spells                   Type           Power      Damage    Failure   Level
 Lesser Beckoning         Tloc           0%         N/A       95%         2
 Gell's Gravitas          Tloc           0%         N/A       99%         3
 Teleport Other           Tloc           0%         N/A       99%         3


Dungeon Overview and Level Annotations

Branches:
Dungeon (6/15) Zot: 26715  Temple (0/1) D:5

Altars:
Qazlal
Vehumet
Wu Jian
Xom

Shops:
D:2 ![[   D:4 *


Innate Abilities, Weirdness & Mutations

You have a pair of horns on your head.
You reflexively headbutt those who attack you in melee.
You are partially covered in iridescent scales. (AC +2)
You possess an exceptional clarity of mind.
Your muscles are strong. (Str +4, Int/Dex -1)
Your spells are a little harder to cast, but a little more powerful.


Message History

You slash the hornet! You burn the hornet. Your headbutt misses the hornet.
The hornet is severely wounded.
You hit the orc but do no damage. You slash the orc! You burn the orc.
You kill the orc!
The hornet stings you.
You are poisoned.
You feel yourself slow down. The hornet stings you!
You suddenly lose the ability to move!
The bullfrog hits you. The orc hits you with a +0 whip.
You feel yourself speed up.
You feel very sick. The hornet stings you.
You are more poisoned.
You feel yourself slow down. The bullfrog hits you.
The orc hits you but does no damage.
You feel very sick. The hornet stings you!
You shrug off the repeated paralysis!
The bullfrog hits you.
The hornet stings you but does no damage.
The bullfrog hits you.
* * * LOW HITPOINT WARNING * * *
The orc hits you with a +0 whip.
* * * LOW HITPOINT WARNING * * *
You can move again.
The orc attacks as you move away! The orc barely misses you.
You furiously retaliate!
You headbutt the orc.
You kill the orc!
* * * LOW HITPOINT WARNING * * *
You feel very sick. You block the hornet's attack. The bullfrog hits you.
* * * LOW HITPOINT WARNING * * *
The hornet attacks as you move away! The hornet stings you.
* * * LOW HITPOINT WARNING * * *
You shrug off the repeated paralysis!
You feel yourself speed up.
* * * LOW HITPOINT WARNING * * *
You feel very sick. The hornet stings you.
You die...
Xom thinks this is hilarious!

.. #....# .. #....#
####. #....# .
#....###....# ^.#
#....[.....##..#
#....$..........
#.............>. ###
##'##.........
##..###@.##....##..#
#.....Fy.......#
#...)..†.##....#
##..)....##....#
#........#....########
#.........#....##.....##
#....##/.##............+
### ......
#####............# #..
#.#.... ...............#


You could see a hornet and a bullfrog.

Vanquished Creatures
  A fire bat (D:6)
  A sky beast (D:6)
  2 black bears (D:4)
  An ogre (D:6)
  A centaur (D:5)
  A phantom (D:6)
  2 gnoll sergeants
  2 scorpions (D:5)
  Dowan (D:6)
  A howler monkey (D:4)
  5 hounds
  Crazy Yiuf (D:3)
  2 jellies
  Jessica (D:2)
  2 sleepcaps
  Terence (D:2)
  Natasha (D:2)
  An iguana (D:4)
  24 gnolls
  7 adders
  A shadow imp (D:5)
  5 worms
  A dart slug (D:5)
  25 orcs
  4 ball pythons
  6 bats
  15 endoplasms
  4 giant cockroaches
  10 goblins
  7 hobgoblins
  16 jackals (D:4)
  5 quokkas
  2 frilled lizards
  5 kobolds
  5 rats
169 creatures vanquished.

Vanquished Creatures (collateral kills)
  A jackal (D:4)
1 creature vanquished.

Grand Total: 170 creatures vanquished

Notes
Turn   | Place    | Note
-------+----------+-------------------------------------------
     0 | D:1      | NateTC the Minotaur Fighter began the quest for the Orb.
     0 | D:1      | Reached XP level 1. HP: 19/19 MP: 0/0
   114 | D:1      | Reached XP level 2. HP: 24/26 MP: 1/1
   847 | D:2      | Reached XP level 3. HP: 31/31 MP: 2/2
   910 | D:2      | Found a faded altar of an unknown god.
   931 | D:2      | Prayed at the altar of an unknown god.
   931 | D:2      | Became a worshipper of Xom of Chaos
   949 | D:2      | XOM: silly message
   965 | D:2      | Found Muluhuam's Distillery.
  1005 | D:2      | Found Xol Xudugh's Antique Armour Shop.
  1017 | D:2      | Noticed Jessica
  1022 | D:2      | Killed Jessica
  1023 | D:2      | Reached skill level 5 in Axes
  1023 | D:2      | Reached XP level 4. HP: 23/39 MP: 3/3
  1135 | D:2      | Found an ornate altar of the Wu Jian Council.
  1193 | D:2      | Noticed Terence
  1204 | D:2      | Killed Terence
  1205 | D:2      | Reached XP level 5. HP: 36/45 MP: 4/4
  1345 | D:2      | Noticed Natasha
  1352 | D:2      | Killed Natasha
  1443 | D:2      | Found Epnuif's Antique Armour Boutique.
  2302 | D:3      | Found a runed translucent door.
  2303 | D:3      | Noticed Crazy Yiuf
  2379 | D:3      | Killed Crazy Yiuf
  2442 | D:3      | XOM is BORED!
  2442 | D:3      | XOM: noise
  2479 | D:4      | Noticed a black bear
  2484 | D:4      | Killed a black bear
  2484 | D:4      | XOM: noise
  2485 | D:4      | Reached XP level 6. HP: 51/51 MP: 5/5
  2504 | D:4      | XOM: 2-stop teleportation journey
  2563 | D:4      | XOM: smoke on damage
  2567 | D:4      | XOM: polymorph kobold -> bat
  2762 | D:4      | Reached skill level 5 in Fighting
  2825 | D:4      | XOM: summons friendly crimson imp
  2827 | D:4      | Reached XP level 7. HP: 52/62 MP: 6/6
  2928 | D:4      | Found Tasar's General Store.
  2989 | D:4      | XOM: scenery: summon butterflies
  3009 | D:4      | XOM: potion effect (invisibility)
  3025 | D:4      | XOM: enchant monster (good)
  3126 | D:4      | XOM: divination: detect creatures
  3131 | D:4      | XOM: cloud trail
  3194 | D:4      | XOM: noise
  3406 | D:4      | XOM: enchant monster (bad)
  3422 | D:4      | XOM: silly message
  3638 | D:4      | XOM: give mutations
  3638 | D:4      | Gained mutation: Your muscles are strong. (Str +4, Int/Dex
                  | -1) [Xom's grace]
  3638 | D:4      | Gained mutation: You are partially covered in iridescent
                  | scales. (AC +2) [Xom's grace]
  3638 | D:4      | Gained mutation: You possess an exceptional clarity of
                  | mind. [Xom's grace]
  3638 | D:4      | Gained mutation: Your spells are a little harder to cast,
                  | but a little more powerful. [Xom's grace]
  3693 | D:4      | XOM is BORED!
  3751 | D:5      | Entered Level 5 of the Dungeon
  3781 | D:5      | Reached XP level 8. HP: 75/75 MP: 7/7
  3847 | D:5      | Found a staircase to the Ecumenical Temple.
  3872 | D:5      | XOM: summons 3 hostile demons
  3920 | D:5      | Reached skill level 5 in Shields
  4067 | D:5      | Found a radiant altar of Vehumet.
  4076 | D:5      | Found a stormy altar of Qazlal.
  4189 | D:6      | Noticed Duvessa
  4189 | D:6      | Noticed Dowan
  4194 | D:6      | Killed Dowan
  4196 | D:6      | Duvessa changed into Duvessa the fire bat
  4196 | D:6      | Noticed Duvessa
  4196 | D:6      | XOM: polymorph Duvessa -> Duvessa the fire bat
  4210 | D:6      | Killed Duvessa the fire bat
  4362 | D:6      | XOM: 5-stop teleportation journey
  4365 | D:6      | XOM: summons 5 friendly demons
  4427 | D:6      | Noticed a hornet
  4432 | D:6      | Paralysed by a hornet for 3 turns
  4436 | D:6      | HP: 3/77 [poisoned by a hornet]
  4436 | D:6      | Slain by a hornet

Illustrated notes

Levels and vault maps discovered:
D:1:      eino_arrival_water_star, layout_basic
D:2:      layout_basic, basic_altar, ebering_ecumenical_altar_box, serial_shops,
          nicolae_shop_stone, shop, shop, uniq_natasha, uniq_terence,
          uniq_jessica
D:3:      layout_loops_ring, uniq_crazy_yiuf_cottage
D:4:      lemuel_castle_with_subvaults [lemuel_castle_interior_carwin_1],
          layout_gridville, serial_shops, nicolae_stop_n_shop_2,
          minmay_misc_feat_nine_boxes, serial_bayou_crossing
D:5:      layout_basic, mainiacjoe_overflow_swirl, minmay_temple_entry_slanted
D:6:      dreamdust_elfheim, layout_gridville, minmay_between

Skill      XL: |  1  2  3  4  5  6  7  8 |
---------------+-------------------------+-----
Axes           | 3 4 5 6 8 |  8.1
Fighting       | 5 8 |  8.9
Shields        | 8 |  8.9
Armour         | |  3.6

Action                     |  1- 3 |  4- 6 |  7- 9 || total
---------------------------+-------+-------+-------++-------
  Melee: War axe           |    49 |   134 |   195 ||   378
         Headbutt          |     9 |    27 |    35 ||    71
    Use: Scroll            |     5 |     5 |     4 ||    14
         Potion            |       |       |     2 ||     2
   Stab: Sleeping          |       |       |     1 ||     1
 Armour: Scale mail        |    17 |    59 |   111 ||   187
  Dodge: Dodged            |    15 |    41 |   111 ||   167
  Block: Buckler           |    10 |    32 |    58 ||   100
